| TOP OF THE 1ST |
|
Baltimore Orioles batting - Pitching for Texas Rangers : RHP Kelly Goosecock
|
|
Pitching: RHP Kelly Goosecock
|
|
|
Batting: RHB Andres Leon
|
0-0: Called Strike 0-1: Swinging Strike 0-2: Strikes out swinging
|
|
Batting: RHB Marc Peckermark
|
0-0: Ball 1-0: Ball 2-0: Called Strike 2-1: Ball 3-1: Foul Ball, location: 2F 3-2: Strikes out swinging
|
|
Batting: LHB Brad Pepin
|
0-0: Called Strike 0-1: Foul Ball, location: 2F 0-2: Ball 1-2: Ball 2-2: SINGLE (Line Drive, 8LS, EV 96.2 MPH)
|
|
Batting: SHB Jason Hayes
|
0-0: Ball 1-0: Swinging Strike 1-1: Foul Ball, location: 2F 1-2: Fly out, F7 (Line Drive, 7, EV 102.5 MPH)
|
| Top of the 1st over - 0 runs, 1 hit, 0 errors, 1 left on base; Baltimore 0 - Texas 0 |
| BOTTOM OF THE 1ST |
|
Texas Rangers batting - Pitching for Baltimore Orioles : RHP Kevin Cushman
|
|
Pitching: RHP Kevin Cushman
|
|
|
Batting: LHB Da Vo
|
0-0: DOUBLE (Groundball, 3L, EV 105.6 MPH)
|
|
Batting: RHB David Casas
|
0-0: Ball 1-0: SINGLE (Groundball, 56D, EV 100.0 MPH) Da Vo to third
|
|
Batting: SHB Jun Tsuda
|
0-0: Ball 1-0: Swinging Strike 1-1: Ball 2-1: Ball 3-1: Called Strike 3-2: Ground out 4-3 (Groundball, 4, EV 77.5 MPH) Da Vo scores David Casas to second
|
|
Batting: SHB John Giesbrecht
|
0-0: Reached on error, E4 (Groundball, 34D, EV 76.9 MPH) David Casas to third
|
|
Batting: LHB Cody Schumacher
|
0-0: Ball 1-0: Ball 2-0: Foul Ball, location: 2F 2-1: Foul Ball, location: 2F 2-2: Grounds out, U3 (Groundball, 3L, EV 100.6 MPH) David Casas scores
|
|
Batting: RHB Bert Clark
|
0-0: Called Strike 0-1: Swinging Strike 0-2: Ball 1-2: Fly out, F9 (Flyball, 9, EV 93.1 MPH)
|
| Bottom of the 1st over - 2 runs, 2 hits, 1 error, 1 left on base; Baltimore 0 - Texas 2 |
| TOP OF THE 2ND |
|
Baltimore Orioles batting - Pitching for Texas Rangers : RHP Kelly Goosecock
|
|
Batting: RHB Alex Rodriguez Jr.
|
0-0: Ball 1-0: Foul Ball, location: 2F 1-1: Foul Ball, location: 2F 1-2: Foul Ball, location: 2F 1-2: SINGLE (Groundball, 56S, EV 73.1 MPH) (infield hit)
|
|
Batting: RHB Kevin Howard
|
0-0: Ball 1-0: Ball 2-0: Foul Ball, location: 2F 2-1: Called Strike 2-2: Ball 3-2: 2-RUN HOME RUN (Flyball, 7LD, EV 90.6 MPH), Distance : 343 ft
|
|
Batting: LHB Bob Melley
|
0-0: Ground out 4-3 (Groundball, 4M, EV 106.2 MPH)
|
|
Batting: RHB Josh Hamilton
|
0-0: Foul Ball, location: 2F 0-1: Called Strike 0-2: Strikes out swinging
|
|
Batting: RHB Randy Johnson Jr.
|
0-0: Ball 1-0: SINGLE (Groundball, 6M, EV 103.1 MPH) (infield hit)
|
|
Batting: RHB Andres Leon
|
0-0: Called Strike 0-1: Foul Ball, location: 2F 0-2: Ball 1-2: Strikes out swinging
|
| Top of the 2nd over - 2 runs, 3 hits, 0 errors, 1 left on base; Baltimore 2 - Texas 2 |
| BOTTOM OF THE 2ND |
|
Texas Rangers batting - Pitching for Baltimore Orioles : RHP Kevin Cushman
|
|
Batting: SHB Vince Ealy
|
0-0: Ball 1-0: Foul Ball, location: 2F 1-1: SOLO HOME RUN (Flyball, 89XD, EV 98.8 MPH), Distance : 386 ft
|
|
Batting: RHB Rich Stinson
|
0-0: Foul Ball, location: 2F 0-1: Ball 1-1: Fly out, F7 (Flyball, 78M, EV 94.4 MPH)
|
|
Batting: RHB Edwin Madrid
|
0-0: Ball 1-0: TRIPLE (Line Drive, 8LXD, EV 104.4 MPH)
|
|
Batting: LHB Da Vo
|
0-0: Ball 1-0: Foul Ball, location: 2F 1-1: Called Strike 1-2: Ball 2-2: Foul Ball, location: 2F 2-2: Foul Ball, location: 2F 2-2: Strikes out swinging
|
|
Batting: RHB David Casas
|
0-0: Foul Ball, location: 2F 0-1: Ball 1-1: Foul Ball, location: 2F 1-2: Ground out 1-3 (Groundball, 13S, EV 70.0 MPH)
|
| Bottom of the 2nd over - 1 run, 2 hits, 0 errors, 1 left on base; Baltimore 2 - Texas 3 |
| TOP OF THE 3RD |
|
Baltimore Orioles batting - Pitching for Texas Rangers : RHP Kelly Goosecock
|
|
Batting: RHB Marc Peckermark
|
0-0: SINGLE (Line Drive, 8RS, EV 88.1 MPH)
|
|
Batting: LHB Brad Pepin
|
0-0: Ball Marc Peckermark steals 2nd base 1-0: Ball 2-0: Called Strike 2-1: Ball 3-1: Base on Balls
|
|
Batting: SHB Jason Hayes
|
0-0: Foul Ball, location: 2F 0-1: Called Strike 0-2: Ball 1-2: Ball 2-2: Ball 3-2: Foul Ball, location: 2F 3-2: Foul Ball, location: 2F 3-2: Fielders Choice at 2nd, 4-6 (Groundball, 34, EV 104.4 MPH) Marc Peckermark to third
|
|
Batting: RHB Alex Rodriguez Jr.
|
0-0: Swinging Strike 0-1: Ball 1-1: Swinging Strike 1-2: Foul Ball, location: 2F 1-2: Ball 2-2: Strikes out swinging
|
|
Batting: RHB Kevin Howard
|
0-0: Called Strike Jason Hayes is caught stealing 2nd base 2-4
|
| Top of the 3rd over - 0 runs, 1 hit, 0 errors, 1 left on base; Baltimore 2 - Texas 3 |
| BOTTOM OF THE 3RD |
|
Texas Rangers batting - Pitching for Baltimore Orioles : RHP Kevin Cushman
|
|
Batting: SHB Jun Tsuda
|
0-0: Ball 1-0: Called Strike 1-1: Ball 2-1: Foul Ball, location: 2F 2-2: Ground out 4-3 (Groundball, 4, EV 109.4 MPH)
|
|
Batting: SHB John Giesbrecht
|
0-0: Foul Ball, location: 2F 0-1: Fly out, F7 (Flyball, 7S, EV 83.1 MPH)
|
|
Batting: LHB Cody Schumacher
|
0-0: Swinging Strike 0-1: Foul Ball, location: 2F 0-2: Ball 1-2: Strikes out looking
|
| Bottom of the 3rd over - 0 runs, 0 hits, 0 errors, 0 left on base; Baltimore 2 - Texas 3 |
| TOP OF THE 4TH |
|
Baltimore Orioles batting - Pitching for Texas Rangers : RHP Kelly Goosecock
|
|
Batting: RHB Kevin Howard
|
0-0: Swinging Strike 0-1: Foul Ball, location: 2F 0-2: Ball 1-2: Strikes out swinging
|
|
Batting: LHB Bob Melley
|
0-0: Swinging Strike 0-1: Ball 1-1: Foul Ball, location: 2F 1-2: Ball 2-2: Strikes out swinging
|
|
Batting: RHB Josh Hamilton
|
0-0: Swinging Strike 0-1: Called Strike 0-2: Ball 1-2: Strikes out swinging
|
| Top of the 4th over - 0 runs, 0 hits, 0 errors, 0 left on base; Baltimore 2 - Texas 3 |
| BOTTOM OF THE 4TH |
|
Texas Rangers batting - Pitching for Baltimore Orioles : RHP Kevin Cushman
|
|
Batting: RHB Bert Clark
|
0-0: Ball 1-0: Ground out 4-3 (Groundball, 4, EV 91.2 MPH)
|
|
Batting: SHB Vince Ealy
|
0-0: Ball 1-0: Fly out, F4 (Line Drive, 4, EV 64.4 MPH)
|
|
Batting: RHB Rich Stinson
|
0-0: Ball 1-0: Ground out 4-3 (Groundball, 4M, EV 88.8 MPH)
|
| Bottom of the 4th over - 0 runs, 0 hits, 0 errors, 0 left on base; Baltimore 2 - Texas 3 |
| TOP OF THE 5TH |
|
Baltimore Orioles batting - Pitching for Texas Rangers : RHP Kelly Goosecock
|
|
Batting: RHB Randy Johnson Jr.
|
0-0: Called Strike 0-1: Bunt for hit to 2R - play at first, batter safe!
|
|
Batting: RHB Andres Leon
|
0-0: Ball 1-0: Grounds into double play, 6-4-3 (Groundball, 6, EV 80.0 MPH)
|
|
Batting: RHB Marc Peckermark
|
0-0: Called Strike 0-1: Called Strike 0-2: Ball 1-2: Ground out 4-3 (Groundball, 4, EV 104.4 MPH)
|
| Top of the 5th over - 0 runs, 1 hit, 0 errors, 0 left on base; Baltimore 2 - Texas 3 |
| BOTTOM OF THE 5TH |
|
Texas Rangers batting - Pitching for Baltimore Orioles : RHP Kevin Cushman
|
|
Batting: RHB Edwin Madrid
|
0-0: SOLO HOME RUN (Flyball, 7D, EV 97.5 MPH), Distance : 359 ft
|
|
Batting: LHB Da Vo
|
0-0: Called Strike 0-1: Foul Ball, location: 2F 0-2: Ball 1-2: SINGLE (Groundball, 4MD, EV 104.4 MPH)
|
|
Batting: RHB David Casas
|
0-0: Ball 1-0: Fielders Choice at 2nd, 1-6 (Groundball, 13S, EV 70.0 MPH)
|
|
Batting: SHB Jun Tsuda
|
0-0: Called Strike 0-1: Called Strike 0-2: Ball 1-2: Grounds into double play, 4-6-3 (Groundball, 4, EV 102.5 MPH)
|
| Bottom of the 5th over - 1 run, 2 hits, 0 errors, 0 left on base; Baltimore 2 - Texas 4 |
| TOP OF THE 6TH |
|
Baltimore Orioles batting - Pitching for Texas Rangers : RHP Kelly Goosecock
|
|
Batting: LHB Brad Pepin
|
0-0: Called Strike 0-1: Called Strike 0-2: Ball 1-2: Strikes out looking
|
|
Batting: SHB Jason Hayes
|
0-0: Ball 1-0: Ball 2-0: Called Strike 2-1: Called Strike 2-2: Foul Ball, location: 2F 2-2: Foul Ball, location: 2F 2-2: Fly out, F8 (Flyball, 78M, EV 86.9 MPH)
|
|
Batting: RHB Alex Rodriguez Jr.
|
0-0: Swinging Strike 0-1: Ball 1-1: Called Strike 1-2: Strikes out swinging
|
| Top of the 6th over - 0 runs, 0 hits, 0 errors, 0 left on base; Baltimore 2 - Texas 4 |
| BOTTOM OF THE 6TH |
|
Texas Rangers batting - Pitching for Baltimore Orioles : RHP Kevin Cushman
|
|
Batting: SHB John Giesbrecht
|
0-0: Ball 1-0: Ball 2-0: Ball 3-0: Base on Balls
|
|
Batting: LHB Cody Schumacher
|
0-0: Ball 1-0: Foul Ball, location: 2F 1-1: DOUBLE (Line Drive, 9LM, EV 94.4 MPH) John Giesbrecht to third
|
|
Batting: RHB Bert Clark
|
0-0: Ball 1-0: Ground out 5-3 (Groundball, 56S, EV 66.2 MPH) John Giesbrecht scores Cody Schumacher to third
|
|
Batting: SHB Vince Ealy
|
0-0: Ball 1-0: Ball 2-0: Ball 3-0: Base on Balls
|
|
Pitching: RHP Chris Dauphin
|
|
|
Batting: RHB Rich Stinson
|
0-0: DOUBLE (Flyball, 78XD, EV 96.2 MPH) Cody Schumacher scores Vince Ealy to third
|
|
Batting: RHB Edwin Madrid
|
0-0: Ball 1-0: Ground out 6-3 (Groundball, 56D, EV 89.4 MPH) Vince Ealy scores
|
|
Batting: LHB Da Vo
|
0-0: Ball 1-0: Ball 2-0: Called Strike 2-1: Foul Ball, location: 2F 2-2: Ground out U3 (Groundball, 3S, EV 71.9 MPH)
|
| Bottom of the 6th over - 3 runs, 2 hits, 0 errors, 1 left on base; Baltimore 2 - Texas 7 |
| TOP OF THE 7TH |
|
Baltimore Orioles batting - Pitching for Texas Rangers : RHP Kelly Goosecock
|
|
Now in LF: Casey Semenza
|
|
|
Batting: RHB Kevin Howard
|
0-0: Foul Ball, location: 2F 0-1: Ball 1-1: Ball 2-1: Swinging Strike 2-2: Ball 3-2: Strikes out looking
|
|
Batting: LHB Bob Melley
|
0-0: Ball 1-0: Fly out, F9 (Flyball, 9S, EV 80.6 MPH)
|
|
Batting: RHB Josh Hamilton
|
0-0: Foul Ball, location: 2F 0-1: Foul Ball, location: 2F 0-2: SINGLE (Flyball, 3D, EV 93.8 MPH)
|
|
Batting: RHB Randy Johnson Jr.
|
0-0: Ball 1-0: Foul Ball, location: 2F 1-1: Foul Ball, location: 2F 1-2: Ball 2-2: Strikes out swinging
|
| Top of the 7th over - 0 runs, 1 hit, 0 errors, 1 left on base; Baltimore 2 - Texas 7 |
| BOTTOM OF THE 7TH |
|
Texas Rangers batting - Pitching for Baltimore Orioles : RHP Chris Dauphin
|
|
Batting: RHB David Casas
|
0-0: Fly out, F7 (Flyball, 7, EV 86.2 MPH)
|
|
Batting: SHB Jun Tsuda
|
0-0: Ball 1-0: Swinging Strike 1-1: Fly out, F8 (Line Drive, 8RD, EV 98.1 MPH)
|
|
Batting: SHB John Giesbrecht
|
0-0: Ball 1-0: Ball 2-0: Fly out, F7 (Flyball, 7S, EV 88.8 MPH)
|
| Bottom of the 7th over - 0 runs, 0 hits, 0 errors, 0 left on base; Baltimore 2 - Texas 7 |
| TOP OF THE 8TH |
|
Baltimore Orioles batting - Pitching for Texas Rangers : RHP Kelly Goosecock
|
|
Pitching: RHP Mike Webb
|
|
|
Now at 1B: Johan de Vries
|
|
|
Batting: RHB Andres Leon
|
0-0: Ball 1-0: Swinging Strike 1-1: Fly out, F9 (Flyball, 9, EV 91.2 MPH)
|
|
Batting: RHB Marc Peckermark
|
0-0: Ball 1-0: Ball 2-0: Called Strike 2-1: Fly out, F6 (Line Drive, 6, EV 68.8 MPH)
|
|
Batting: LHB Brad Pepin
|
0-0: Ball 1-0: Ball 2-0: DOUBLE (Line Drive, 78M, EV 108.8 MPH)
|
|
Batting: SHB Jason Hayes
|
0-0: Called Strike 0-1: Foul Ball, location: 2F 0-2: Ball 1-2: Strikes out looking
|
| Top of the 8th over - 0 runs, 1 hit, 0 errors, 1 left on base; Baltimore 2 - Texas 7 |
| BOTTOM OF THE 8TH |
|
Texas Rangers batting - Pitching for Baltimore Orioles : RHP Chris Dauphin
|
|
Batting: LHB Cody Schumacher
|
0-0: Ground out U3 (Groundball, 3L, EV 105.6 MPH)
|
|
Batting: RHB Casey Semenza
|
0-0: Fly out, F7 (Line Drive, 7D, EV 105.6 MPH)
|
|
Batting: SHB Vince Ealy
|
0-0: Ball 1-0: Called Strike 1-1: Called Strike 1-2: Fly out, F7 (Line Drive, 7LM, EV 95.6 MPH)
|
| Bottom of the 8th over - 0 runs, 0 hits, 0 errors, 0 left on base; Baltimore 2 - Texas 7 |
| TOP OF THE 9TH |
|
Baltimore Orioles batting - Pitching for Texas Rangers : RHP Mike Webb
|
|
Batting: RHB Alex Rodriguez Jr.
|
0-0: Foul Ball, location: 2F 0-1: Swinging Strike 0-2: Fly out, F9 (Flyball, 89D, EV 108.8 MPH)
|
|
Batting: RHB Kevin Howard
|
0-0: Fly out, F9 (Flyball, 9D, EV 103.8 MPH)
|
|
Batting: LHB Bob Melley
|
0-0: Ball 1-0: Swinging Strike 1-1: Ground out U3 (Groundball, 3, EV 101.9 MPH)
|
| Top of the 9th over - 0 runs, 0 hits, 0 errors, 0 left on base; Baltimore 2 - Texas 7 |
|